 Dungeon Crawl Stone Soup version 0.31-a0-263-ge8cad7f256 (webtiles) character file.

Game seed: 2752471848364439034

211 qw the Shooter (level 5, -4/45 HPs)
             Began as a Minotaur Hexslinger on July 13, 2023.
             Slain by Sigmund
             ... wielding a +2 scythe of protection
              (10 damage)
             ... on level 3 of the Dungeon.
             The game lasted 00:00:59 (2474 turns).

qw the Shooter (Minotaur Hexslinger)                Turns: 2474, Time: 00:00:59

Health: -4/45      AC:  3    Str: 12    XL:     5   Next: 57%
Magic:  5/5        EV: 12    Int: 10    God:
Gold:   105        SH:  0    Dex: 15    Spells: 5/6 levels left

rFire   . . .        Y - +0 shortbow
rCold   . . .        (shield currently unavailable)
rNeg    . . .        g - +0 leather armour
rPois   .            (helmet restricted)
rElec   .            (no cloak)
rCorr   .            (no gloves)
SInv    .            (no boots)
Will    .....        (no amulet)
Stlth   +            (no ring)
HPRegen 0.27/turn    (no ring)
MPRegen 0.09/turn

%: no passive effects
@: about to teleport, attractive
A: horns 2, retaliatory headbutt
a: no special abilities


You were on level 3 of the Dungeon.
You visited 1 branch of the dungeon, and saw 3 of its levels.

You collected 105 gold pieces.


Innate Abilities, Weirdness & Mutations

You have a pair of horns on your head.
You reflexively headbutt those who attack you in melee.


   Skills:
 - Level 3.1 Fighting
 + Level 5.8 Ranged Weapons
 - Level 2.1 Dodging
 - Level 1.0 Spellcasting
 - Level 2.0 Hexes


You had 5 spell levels left.
You knew the following spells:

 Your Spells              Type           Power      Damage    Failure   Level
a - Slow                  Hex            16%        N/A       19%         1

Your spell library contained the following spells:

 Spells                   Type           Power      Damage    Failure   Level
 Inner Flame              Hex/Fire       2%         N/A       65%         3
 Portal Projectile        Hex/Tloc       4%         N/A       65%         3
 Cause Fear               Hex            2%         N/A       88%         4

Inventory:

Hand Weapons
 Y - a +0 shortbow (weapon)
Armour
 g - a +0 leather armour (worn)
Jewellery
 j - a ring of ice
Scrolls
 a - a scroll of teleportation
Potions
 b - a potion of cancellation {unknown}
 d - a potion of haste
 e - a potion of magic {unknown}
 h - a potion of curing {unknown}
 i - a potion of attraction

Dungeon Overview and Level Annotations

Branches:
Dungeon (3/15)

Altars:

Annotations:
D:2 1 runed translucent door, Crazy Yiuf
D:3 Sigmund


Message History

Sigmund is heavily wounded.
Sigmund barely misses you.
You shoot an arrow. The arrow closely misses Sigmund.
Sigmund screams, "You will never...
NEVER!!!"
Sigmund hits you from afar with a +2 scythe of protection!
Enter note:
Enter note:
Enter note:
Enter note:
Enter note:
Enter note:
Enter note:
Enter note:
Enter note:
2467 ||| DRINKING 2 dark potions.
It was a potion of attraction.
You feel attractive to monsters. Sigmund casts a spell at you.
You are confused.
Sigmund is attracted toward you. Sigmund casts a spell at you.
The puff of flame misses you. Sigmund casts a spell at you.
The puff of flame hits you! Sigmund completely misses you.
You feel less confused. Sigmund gestures at you while chanting.
You resist with some effort.
Enter note:
Enter note:
Enter note:
Enter note:
Enter note:
Enter note: Sigmund points at you and mumbles some strange words.
The puff of flame hits you! Sigmund is attracted toward you.
2474 ||| READING 2 scrolls of teleportation.
As you read the scroll of teleportation, it crumbles to dust.
You feel strangely unstable.
Sigmund hits you with a +2 scythe of protection!
You die...

..# #... #.# #.## ##### #
#.# #.# #...###.####.###.##
#.... ............. ...
#.##.....#.). #ยค#
#.......####. #@# ######.##
## #@# #.# #.# #.# ####.#
##'## #....# ##...## #.####
##.....## #.##.##
##.......##
..#####.#...####%...)....##
...............'.........'.
#######.#...####.........##


You could see Sigmund.

Vanquished Creatures
  Jessica (D:3)
  Natasha (twice) (D:2)
  4 gnolls (D:2)
  2 adders (D:2)
  3 worms (D:2)
  3 dart slugs
  9 bats
  5 endoplasms
  2 giant cockroaches
  3 goblins
  8 hobgoblins
  3 jackals (D:1)
  3 quokkas
  4 ball pythons
  5 frilled lizards
  7 kobolds
  5 rats
69 creatures vanquished.

Notes
Turn   | Place    | Note
-------+----------+-------------------------------------------
     0 | D:1      | qw the Minotaur Hexslinger began the quest for the Orb.
     0 | D:1      | Reached XP level 1. HP: 16/16 MP: 1/1
     0 | D:1      | 0 ||| qw: Version: 0.3-a-52-g30416fa
     0 | D:1      | 0 ||| qw: Game counter: 7375
     0 | D:1      | 0 ||| qw: Melee chars always use a shield: true
     0 | D:1      | 0 ||| qw: God list: Okawaru
     0 | D:1      | 0 ||| qw: Allow faded altars: false
     0 | D:1      | 0 ||| qw: Do Orc after clearing Dungeon:15 true
     0 | D:1      | 0 ||| qw: Do second Lair branch before Depths: true
     0 | D:1      | 0 ||| qw: Lair rune preference: random
     0 | D:1      | 0 ||| qw: Goals: Normal
     0 | D:1      | 0 ||| PLANNING D:1-11
    82 | D:1      | Reached skill level 3 in Ranged Weapons
    82 | D:1      | Reached XP level 2. HP: 23/23 MP: 2/2
   549 | D:1      | Reached XP level 3. HP: 29/29 MP: 3/3
   857 | D:1      | 857 ||| UPGRADING to +0 leather armour.
   867 | D:1      | 867 ||| DROPPING +0 robe.
   868 | D:1      | 868 ||| READING scroll labelled WYOSTE HISOMEM.
   869 | D:1      | 869 ||| READING 2 scrolls labelled OCIZ ATWIURE.
   870 | D:1      | 870 ||| READING scroll labelled FYAREN ZAQEMO.
   871 | D:1      | 871 ||| READING scroll labelled XUER YKUZAT.
   872 | D:1      | 872 ||| DRINKING 4 puce potions.
   892 | D:1      | 892 ||| DROPPING scroll of poison.
   893 | D:1      | 893 ||| DROPPING 3 potions of lignification.
   894 | D:1      | 894 ||| DROPPING scroll of vulnerability.
   965 | D:2      | 965 ||| SWAPPING to +0 shortbow.
   966 | D:2      | 966 ||| DROPPING +2 sling.
   979 | D:2      | Reached skill level 4 in Ranged Weapons
   983 | D:2      | Reached XP level 4. HP: 32/36 MP: 4/4
  1200 | D:2      | Found a runed translucent door.
  1201 | D:2      | Noticed Crazy Yiuf
  1224 | D:2      | Reached skill level 5 in Ranged Weapons
  1281 | D:2      | Noticed Natasha
  1283 | D:2      | Killed Natasha
  1401 | D:2      | Found a faded altar of an unknown god.
  1425 | D:2      | Reached skill level 3 in Fighting
  1605 | D:2      | Noticed Natasha
  1612 | D:2      | Killed Natasha
  1613 | D:2      | Reached XP level 5. HP: 34/45 MP: 5/5
  1772 | D:2      | 1772 ||| READING scroll labelled ROQ XOIWUZOAR.
  1773 | D:2      | 1773 ||| READING scroll labelled HUMYISAUCA.
  1783 | D:2      | 1783 ||| DRINKING 2 fizzy grey potions.
  2096 | D:3      | Noticed Jessica
  2098 | D:3      | Killed Jessica
  2454 | D:3      | Noticed Sigmund
  2467 | D:3      | 2467 ||| DRINKING 2 dark potions.
  2473 | D:3      | HP: 6/45 [Sigmund/puff of flame (11)]
  2474 | D:3      | 2474 ||| READING 2 scrolls of teleportation.
  2474 | D:3      | Slain by Sigmund

Levels and vault maps discovered:
D:1:      minmay_arrival_arboretum_large, layout_basic, minmay_small_reverse_x
D:2:      layout_loops_ring, shapermc_ecumenical_altar_hornbeckon, uniq_natasha,
          uniq_crazy_yiuf_cottage
D:3:      layout_loops_corners, minmay_misc_feat_ornament,
          kennysheep_generic_room_8, uniq_sigmund, uniq_jessica

Skill      XL: |  1  2  3  4 |
---------------+-------------+-----
Ranged Weapons | 3 4 5 |  5.8
Fighting       | 2 3 |  3.1
Dodging        | |  2.1
Spellcasting   | |  1.0
Hexes          | |  2.0

Action                     |  1- 3 |  4- 6 || total
---------------------------+-------+-------++-------
   Fire: Sling             |    84 |       ||    84
         Shortbow          |    10 |   144 ||   154
    Use: Scroll            |     4 |     3 ||     7
         Potion            |     1 |     2 ||     3
 Armour: Robe              |    10 |       ||    10
         Leather armour    |       |    13 ||    13
  Dodge: Dodged            |    28 |    45 ||    73

Table legend:
 A = Non-vault XP
 B = Vault XP
 C = Vault XP percentage of total XP
 D = Non-vault monster count
 E = Vault monster count
 F = Vault count percentage of total count
                 A         B        C        D         E       F
            +---------+---------+-------+---------+---------+-------
      Total |     226 |      76 |  25.2 |      63 |       6 |   8.7
            +---------+---------+-------+---------+---------+-------
        D:1 |      46 |       6 |  11.5 |      25 |       4 |  13.8
        D:2 |     142 |      33 |  18.9 |      18 |       1 |   5.3
        D:3 |      38 |      37 |  49.3 |      20 |       1 |   4.8
            +---------+---------+-------+---------+---------+-------
